Panthers vs Senateurs

Created - 20 avril 2020 at 16:05

Goals
1 2 3 T
Panthers 1 2 1 4
Senateurs 1 3 2 6
Shots
1 2 3 T
Panthers 16 10 3 29
Senateurs 5 21 16 42

1st period

1. Panthers , Marcus Foligno 12 (Kyle Brodziak 20, Matt Moulson 19) at 16:33
2. Senateurs , Frans Nielsen 23 (Tanner Pearson 16, Jared McCann 11) at 19:04 (PP)

Penalties :
Adam Cracknell (FLA) for Hooking (Minor) at 13:58, Greg Pateryn (FLA) for Tripping (Minor) at 18:30

2nd period

3. Senateurs , Steven Stamkos 41 (Jakub Voracek 49) at 6:10
4. Panthers , Devante Smith-Pelly 10 (Adam Cracknell 10, Marcus Foligno 13) at 8:47
5. Senateurs , Frans Nielsen 24 (Dustin Brown 26, Dougie Hamilton 35) at 14:18 (PP)
6. Panthers , Adam Cracknell 7 (Ryan Callahan 18, Devante Smith-Pelly 16) at 16:06
7. Senateurs , Erik Haula 18 (Dougie Hamilton 36, Devin Shore 18) at 18:25

Penalties :
Jake McCabe (OTT) for Slashing (Minor) at 12:10, Marcus Foligno (FLA) for Hooking (Minor) at 12:47

3rd period

8. Senateurs , Steven Stamkos 42 (Jakub Voracek 50) at 9:59 (PP)
9. Panthers , Kyle Brodziak 10 (Matt Moulson 20) at 15:22 (PP)
10. Senateurs , Jake Virtanen 16 (Erik Gustafsson 23) at 17:01

Penalties :
Alexander Petrovic (FLA) for Hooking (Minor) at 7:06, Libor Hajek (FLA) for Slashing (Minor) at 9:52, Jake Virtanen (OTT) for High sticking (Minor) at 15:16

Goalie Stats

Carter Hutton (FLA), 36 saves from 42 shots - (0,857), L, 13-21-4, 60:00 minutes
Mike Smith (OTT), 25 saves from 29 shots - (0,862), W, 30-20-8, 60:00 minutes

Players Stats for Panthers

Player Name              G  A  P  +/- PIM S  H  SB GA TA FO     MP     PP MP  PK MP  
------------------------------------------------------------------------------------
Adam Cracknell           1  1  2   0  2   3  1  0  1  0  3/9    14:01   0:00   0:28 
Adam McQuaid             0  0  0  -3  0   0  1  2  0  0  0/0    17:53   0:16   1:30 
Alexander Petrovic       0  0  0   1  2   0  0  0  0  0  0/0    10:41   0:00   0:00 
Devante Smith-Pelly      1  1  2   0  0   2  1  0  0  0  0/0    14:04   0:00   0:25 
Greg Pateryn             0  0  0   2  2   0  0  2  0  0  0/0    25:58   0:27   2:44 
J.T. Miller              0  0  0  -1  0   3  1  1  1  0  10/22  25:15   0:19   3:06 
Jamie Oleksiak           0  0  0   1  0   2  2  2  0  0  0/0    11:16   0:00   0:34 
Jonas Siegenthaler       0  0  0   0  0   0  0  0  0  0  0/0     4:52   0:00   0:00 
Kyle Brodziak            1  1  2   1  0   1  1  0  0  0  8/13   18:59   0:24   0:00 
Kyle Clifford            0  0  0   0  0   0  0  0  0  0  0/0     5:18   0:00   0:00 
Libor Hajek              0  0  0   0  2   0  0  0  0  1  0/0     4:51   0:00   0:00 
Marcus Foligno           1  1  2   1  2   3  2  0  2  1  0/0    20:14   0:23   1:14 
Mats Zuccarello          0  0  0  -1  0   5  1  1  0  0  2/10   25:24   0:19   3:09 
Matt Moulson             0  2  2   1  0   6  1  1  0  1  0/0    18:59   0:24   0:00 
Nathan Beaulieu          0  0  0   0  0   0  0  0  0  0  0/0     0:00   0:00   0:00 
Patrik Nemeth            0  0  0   2  0   1  1  2  0  0  0/0    26:33   0:27   3:18 
Ryan Callahan            0  1  1   0  0   2  2  0  0  1  0/0    14:01   0:00   0:00 
Scott Laughton           0  0  0  -1  0   0  1  0  0  2  1/4    17:33   0:19   1:14 
Trevor Daley             0  0  0  -3  0   1  1  1  0  0  0/0    17:53   0:16   1:30 

Players Stats for Senateurs

Player Name              G  A  P  +/- PIM S  H  SB GA TA FO     MP     PP MP  PK MP  
------------------------------------------------------------------------------------
Christian Folin          0  0  0  -1  0   2  0  1  0  1  0/0    13:16   0:00   0:00 
Devin Shore              0  1  1  -1  0   0  0  1  1  0  5/10   13:43   0:29   0:00 
Dougie Hamilton          0  2  2   0  0   5  0  0  0  0  0/0    26:05   2:35   0:34 
Dustin Brown             0  1  1   0  0   3  0  1  1  1  0/2    16:40   2:49   0:09 
Erik Gustafsson          0  1  1   1  0   1  1  1  0  0  0/0    21:07   2:13   0:09 
Erik Haula               1  0  1  -1  0   3  0  0  1  1  1/1    13:09   0:06   0:00 
Frans Nielsen            2  0  2   0  0   7  1  0  0  0  5/9    16:23   2:08   0:09 
Jake McCabe              0  0  0   1  2   1  0  1  0  1  0/0    20:44   2:22   0:06 
Jake Virtanen            1  0  1  -1  2   3  2  0  0  0  0/0    13:25   0:00   0:23 
Jakub Voracek            0  2  2   1  0   2  4  2  1  0  0/1    21:08   2:34   0:25 
Jared McCann             0  1  1   1  0   0  1  0  0  0  0/1    19:14   1:36   0:04 
Karl Alzner              0  0  0  -1  0   0  0  1  0  0  0/0    12:51   0:00   0:03 
Loui Eriksson            0  0  0   0  0   1  0  0  0  0  0/0     9:05   0:00   0:00 
Lucas Wallmark           0  0  0   0  0   2  1  0  0  0  5/6     9:05   0:00   0:00 
Nikita Zaitsev           0  0  0   0  0   3  1  2  0  0  0/0    26:05   2:35   0:34 
Ryan Hartman             0  0  0   0  0   3  1  0  1  0  0/0     9:05   0:00   0:00 
Steven Stamkos           2  0  2   1  0   4  1  2  1  0  17/26  21:05   2:34   0:16 
Tanner Pearson           0  1  1   0  0   2  2  0  0  0  1/2    15:43   1:59   0:00 

3 Stars

1 - Steven Stamkos (OTT)
2 - Frans Nielsen (OTT)
3 - Jakub Voracek (OTT)

Power Play

Panthers - 1 on 2 Attempt(s) - 50,00%
Senateurs - 3 on 5 Attempt(s) - 60,00%

Penalty Kill

Panthers - 2 on 5 Attempt(s) - 40,00% - Score 0 goal in Penalty Kill
Senateurs - 1 on 2 Attempt(s) - 50,00% - Score 0 goal in Penalty Kill

Team Stat

Panthers - Hits : 16 - Faceoff Wins : 24 - Blocked Shots : 12 - Penalty Minutes : 10
Senateurs - Hits : 15 - Faceoff Wins : 34 - Blocked Shots : 12 - Penalty Minutes : 4

Official

Referees : Garrett Rank and Mike Hasenfratz
Linesman : Tony Sericolo and Scott Cherrey

Game Notes

No Game Note

Finance

Level 1 -- Attendance: 5995 (99,92%) -- Ticket Income 539 550 $
Level 2 -- Attendance: 5000 (100,00%) -- Ticket Income 275 000 $
Level 3 -- Attendance: 2000 (100,00%) -- Ticket Income 66 000 $
Level 4 -- Attendance: 4000 (100,00%) -- Ticket Income 72 000 $
Luxury Box -- Attendance: 977 (97,70%) -- Ticket Income 175 860 $
Game was played at the Place Banque Scottia.
Total Attendance: 17972 (99,84%)
Total Ticket Income: 1 128 410 $
Other Income: 552 921 $
Total Income: 1 681 331 $

Panthers

5 vs 5 Forward 
   Center                   Left Wing                Right Wing               Time % Phy DF OF 
 1 J.T. Miller              Mats Zuccarello          Scott Laughton           40     1   2  2  
 2 Kyle Brodziak            Marcus Foligno           Matt Moulson             30     1   2  2  
 3 Adam Cracknell           Ryan Callahan            Devante Smith-Pelly      20     1   2  2  
 4 Mats Zuccarello          Kyle Clifford            J.T. Miller              10     1   2  2  

5 vs 5 Defense 
   Defense                  Defense                                           Time % Phy DF OF 
 1 Patrik Nemeth            Greg Pateryn                                      40     1   2  2  
 2 Trevor Daley             Adam McQuaid                                      30     1   2  2  
 3 Jamie Oleksiak           Alexander Petrovic                                20     1   2  2  
 4 Libor Hajek              Jonas Siegenthaler                                10     1   2  2  

PowerPlay Forward 
   Center                   Left Wing                Right Wing               Time % Phy DF OF 
 1 J.T. Miller              Mats Zuccarello          Scott Laughton           60     1   2  2  
 2 Kyle Brodziak            Marcus Foligno           Matt Moulson             40     1   2  2  

PowerPlay Defense
   Defense                  Defense                                           Time % Phy DF OF 
 1 Patrik Nemeth            Greg Pateryn                                      60     1   2  2  
 2 Trevor Daley             Adam McQuaid                                      40     1   2  2  

Penalty Kill 4 Players Forward 
   Center                   Wing                     Time % Phy DF OF 
 1 Mats Zuccarello          J.T. Miller              60     1   2  2  
 2 Scott Laughton           Marcus Foligno           40     1   2  2  

Penalty Kill 4 Players Defense
   Defense                  Defense                  Time % Phy DF OF 
 1 Patrik Nemeth            Greg Pateryn             60     1   2  2  
 2 Trevor Daley             Adam McQuaid             40     1   2  2  

Penalty Kill - 3 Players Forward 
   Forward                                           Time % Phy DF OF 
 1 Mats Zuccarello                                   60     1   2  2  
 2 J.T. Miller                                       40     1   2  2  

Penalty Kill - 3 Players Defense
   Defense                  Defense                  Time % Phy DF OF 
 1 Patrik Nemeth            Greg Pateryn             60     1   2  2  
 2 Trevor Daley             Adam McQuaid             40     1   2  2  

4 vs 4 Forward 
   Center                   Wing                     Time % Phy DF OF 
 1 Mats Zuccarello          J.T. Miller              60     1   2  2  
 2 Scott Laughton           Marcus Foligno           40     1   2  2  

4 vs 4 Defense
   Defense                  Defense                  Time % Phy DF OF 
 1 Patrik Nemeth            Greg Pateryn             60     1   2  2  
 2 Trevor Daley             Adam McQuaid             40     1   2  2  

Last Minutes Offensive
   Center                   Left Wing                Right Wing               Defense                  Defense                  
   J.T. Miller              Mats Zuccarello          Scott Laughton           Patrik Nemeth            Greg Pateryn             

Last Minutes Defensive
   Center                   Left Wing                Right Wing               Defense                  Defense                  
   J.T. Miller              Mats Zuccarello          Scott Laughton           Patrik Nemeth            Greg Pateryn             

Goaltenders
Starting : Carter Hutton            
Backup : Antti Raanta             

Extra Forwards
Normal : Ryan Callahan, Devante Smith-Pelly, Adam Cracknell - PP : Ryan Callahan, Devante Smith-Pelly - PK : Adam Cracknell
Extra Defensemen
Normal : Nathan Beaulieu, Jamie Oleksiak, Alexander Petrovic - PP : Nathan Beaulieu - PK : Jamie Oleksiak, Alexander Petrovic
Penalty Shots
Mats Zuccarello, J.T. Miller, Scott Laughton, Marcus Foligno, Matt Moulson
Custom OT Lines Forwards
Mats Zuccarello, J.T. Miller, Scott Laughton, Marcus Foligno, Matt Moulson, Kyle Brodziak, Ryan Callahan, Devante Smith-Pelly, Adam Cracknell, Kyle Clifford
Custom OT Lines Defensemen
Patrik Nemeth, Greg Pateryn, Trevor Daley, Adam McQuaid, Jamie Oleksiak

Scratches
Andrew Ladd (Back Spasms Injury), Taylor Hall (Healthy)

Senateurs

5 vs 5 Forward 
   Center                   Left Wing                Right Wing               Time % Phy DF OF 
 1 Steven Stamkos           Jakub Voracek            Jared McCann             32     1   2  2  
 2 Frans Nielsen            Dustin Brown             Tanner Pearson           29     1   2  2  
 3 Devin Shore              Erik Haula               Jake Virtanen            23     1   2  2  
 4 Lucas Wallmark           Loui Eriksson            Ryan Hartman             16     1   2  2  

5 vs 5 Defense 
   Defense                  Defense                                           Time % Phy DF OF 
 1 Nikita Zaitsev           Dougie Hamilton                                   40     1   2  2  
 2 Jake McCabe              Erik Gustafsson                                   35     1   2  2  
 3 Christian Folin          Karl Alzner                                       25     1   2  2  
 4 Nikita Zaitsev           Dougie Hamilton                                   0      1   2  2  

PowerPlay Forward 
   Center                   Left Wing                Right Wing               Time % Phy DF OF 
 1 Steven Stamkos           Jakub Voracek            Dustin Brown             60     1   2  2  
 2 Frans Nielsen            Jared McCann             Tanner Pearson           40     1   2  2  

PowerPlay Defense
   Defense                  Defense                                           Time % Phy DF OF 
 1 Nikita Zaitsev           Dougie Hamilton                                   60     1   2  2  
 2 Jake McCabe              Erik Gustafsson                                   40     1   2  2  

Penalty Kill 4 Players Forward 
   Center                   Wing                     Time % Phy DF OF 
 1 Steven Stamkos           Jakub Voracek            60     1   2  2  
 2 Dustin Brown             Frans Nielsen            40     1   2  2  

Penalty Kill 4 Players Defense
   Defense                  Defense                  Time % Phy DF OF 
 1 Nikita Zaitsev           Dougie Hamilton          60     1   2  2  
 2 Jake McCabe              Erik Gustafsson          40     1   2  2  

Penalty Kill - 3 Players Forward 
   Forward                                           Time % Phy DF OF 
 1 Steven Stamkos                                    60     1   2  2  
 2 Jakub Voracek                                     40     1   2  2  

Penalty Kill - 3 Players Defense
   Defense                  Defense                  Time % Phy DF OF 
 1 Nikita Zaitsev           Dougie Hamilton          60     1   2  2  
 2 Jake McCabe              Erik Gustafsson          40     1   2  2  

4 vs 4 Forward 
   Center                   Wing                     Time % Phy DF OF 
 1 Steven Stamkos           Jakub Voracek            60     1   2  2  
 2 Dustin Brown             Frans Nielsen            40     1   2  2  

4 vs 4 Defense
   Defense                  Defense                  Time % Phy DF OF 
 1 Nikita Zaitsev           Dougie Hamilton          60     1   2  2  
 2 Jake McCabe              Erik Gustafsson          40     1   2  2  

Last Minutes Offensive
   Center                   Left Wing                Right Wing               Defense                  Defense                  
   Steven Stamkos           Jakub Voracek            Dustin Brown             Nikita Zaitsev           Dougie Hamilton          

Last Minutes Defensive
   Center                   Left Wing                Right Wing               Defense                  Defense                  
   Steven Stamkos           Jakub Voracek            Dustin Brown             Nikita Zaitsev           Dougie Hamilton          

Goaltenders
Starting : Mike Smith               
Backup : Cory Schneider           

Extra Forwards
Normal : Devin Shore, Erik Haula, Jake Virtanen - PP : Devin Shore, Erik Haula - PK : Jake Virtanen
Extra Defensemen
Normal : Christian Folin, Karl Alzner, Jake McCabe - PP : Christian Folin - PK : Karl Alzner, Jake McCabe
Penalty Shots
Steven Stamkos, Jakub Voracek, Dustin Brown, Frans Nielsen, Jared McCann
Custom OT Lines Forwards
Steven Stamkos, Jakub Voracek, Dustin Brown, Frans Nielsen, Jared McCann, Tanner Pearson, Devin Shore, Erik Haula, Jake Virtanen, Loui Eriksson
Custom OT Lines Defensemen
Nikita Zaitsev, Dougie Hamilton, Jake McCabe, Erik Gustafsson, Christian Folin

Scratches
Trevor van Riemsdyk (Healthy), Kevin Porter (Healthy)

% Time on Ice - Panthers

Lines # - Real PCT - Wanted PCT - Time Play
Normal Forward
1 - 30% - 40% - 16:02
2 - 35% - 30% - 18:35
3 - 25% - 20% - 13:12
4 - 10% - 10% - 5:18
Normal Defense
1 - 41% - 40% - 21:49
2 - 30% - 30% - 15:44
3 - 20% - 20% - 10:42
4 - 9% - 10% - 4:52
PP Forward
1 - 44% - 60% - 0:19
2 - 56% - 40% - 0:24
PP Defense
1 - 63% - 60% - 0:27
2 - 37% - 40% - 0:16
PK Forward
1 - 74% - 60% - 3:34
2 - 26% - 40% - 1:14
PK Defense
1 - 69% - 60% - 3:18
2 - 31% - 40% - 1:30
PK3 Forward
1 - 0% - 60%
2 - 0% - 40%
PK3 Defense
1 - 0% - 60%
2 - 0% - 40%
44 Forward
1 - 80% - 60% - 1:06
2 - 20% - 40% - 0:16
44 Defense
1 - 72% - 60% - 0:59
2 - 28% - 40% - 0:23
Last Minute Offensive  - 0:00
Last Minute Defensive  - 0:00
Total
Forward - 60:00
Defense - 60:00

% Time on Ice - Senateurs

Lines # - Real PCT - Wanted PCT - Time Play
Normal Forward
1 - 32% - 32% - 17:15
2 - 26% - 29% - 13:44
3 - 25% - 23% - 13:03
4 - 17% - 16% - 9:05
Normal Defense
1 - 41% - 40% - 22:02
2 - 34% - 35% - 18:17
3 - 24% - 25% - 12:48
4 - 0% - 0% - 0:00
PP Forward
1 - 56% - 60% - 2:40
2 - 44% - 40% - 2:08
PP Defense
1 - 54% - 60% - 2:35
2 - 46% - 40% - 2:13
PK Forward
1 - 79% - 60% - 0:34
2 - 21% - 40% - 0:09
PK Defense
1 - 79% - 60% - 0:34
2 - 21% - 40% - 0:09
PK3 Forward
1 - 0% - 60%
2 - 0% - 40%
PK3 Defense
1 - 0% - 60%
2 - 0% - 40%
44 Forward
1 - 73% - 60% - 1:00
2 - 27% - 40% - 0:22
44 Defense
1 - 66% - 60% - 0:54
2 - 34% - 40% - 0:28
Last Minute Offensive  - 0:00
Last Minute Defensive  - 0:00
Total
Forward - 60:00
Defense - 60:00

Play-by-Play

1st period


0:01 of 1st period - J.T. Miller wins face-off versus Steven Stamkos in neutral zone.
0:16 of 1st period - Snap shot by Mats Zuccarello.
0:16 of 1st period - Stopped by Mike Smith with a rebound.
0:26 of 1st period - Kyle Brodziak is hit by Nikita Zaitsev and loses puck.
0:54 of 1st period - Adam McQuaid is hit by Jake Virtanen.
1:06 of 1st period - Wrist shot by Loui Eriksson.
1:06 of 1st period - Shot Misses the Net.
1:08 of 1st period - Slapshot by Christian Folin.
1:08 of 1st period - Stopped by Carter Hutton without a rebound.
1:09 of 1st period - Lucas Wallmark wins face-off versus J.T. Miller in Panthers zone.
1:28 of 1st period - Snap shot by Ryan Hartman.
1:28 of 1st period - Stopped by Carter Hutton without a rebound.
1:29 of 1st period - Frans Nielsen wins face-off versus Kyle Brodziak in Panthers zone.
1:54 of 1st period - Nikita Zaitsev is hit by Adam Cracknell and loses puck.
3:06 of 1st period - Snap shot by Adam Cracknell.
3:06 of 1st period - Shot Misses the Net.
3:08 of 1st period - Slapshot by Adam McQuaid.
3:08 of 1st period - Shot Blocked by Christian Folin.
3:26 of 1st period - Icing by Christian Folin.
3:27 of 1st period - Steven Stamkos wins face-off versus J.T. Miller in Senateurs zone.
3:27 of 1st period - Steven Stamkos is hit by Jamie Oleksiak.
3:37 of 1st period - Karl Alzner is hit by Jamie Oleksiak and loses puck.
3:50 of 1st period - Karl Alzner is hit by Marcus Foligno and loses puck.
4:17 of 1st period - Wrist shot by Adam Cracknell.
4:17 of 1st period - Shot Misses the Net.
7:08 of 1st period - Icing by Steven Stamkos.
7:09 of 1st period - Steven Stamkos wins face-off versus Kyle Brodziak in Senateurs zone.
7:44 of 1st period - Snap shot by Jakub Voracek.
7:44 of 1st period - Shot Misses the Net.
8:15 of 1st period - Greg Pateryn is hit by Ryan Hartman and loses puck.
8:53 of 1st period - Devante Smith-Pelly is hit by Jakub Voracek and loses puck.
9:18 of 1st period - Snap shot by Adam Cracknell.
9:18 of 1st period - Shot Misses the Net.
9:32 of 1st period - Snap shot by Ryan Hartman.
9:32 of 1st period - Shot Misses the Net.
9:34 of 1st period - Slapshot by Jake McCabe.
9:34 of 1st period - Deflect By Loui Eriksson.
9:34 of 1st period - Shot Misses the Net.
9:34 of 1st period - Puck is out of play.
9:35 of 1st period - Lucas Wallmark wins face-off versus Kyle Brodziak in Panthers zone.
10:12 of 1st period - Backhand shot by Adam Cracknell.
10:12 of 1st period - Stopped by Mike Smith with a rebound.
10:22 of 1st period - Slapshot by Matt Moulson.
10:22 of 1st period - Stopped by Mike Smith with a rebound.
10:36 of 1st period - Mats Zuccarello is hit by Jake Virtanen and loses puck.
10:47 of 1st period - Devin Shore is hit by Adam McQuaid and loses puck.
10:55 of 1st period - Icing by Devin Shore.
10:56 of 1st period - Lucas Wallmark wins face-off versus Adam Cracknell in Senateurs zone.
11:25 of 1st period - Kyle Brodziak is hit by Erik Gustafsson and loses puck.
12:22 of 1st period - Wrist shot by Matt Moulson.
12:22 of 1st period - Stopped by Mike Smith with a rebound.
12:24 of 1st period - Wrist shot by Matt Moulson.
12:24 of 1st period - Stopped by Mike Smith with a rebound.
12:39 of 1st period - Off-side.
12:40 of 1st period - Tanner Pearson wins face-off versus Adam Cracknell in neutral zone.
12:43 of 1st period - Snap shot by Frans Nielsen.
12:43 of 1st period - Deflect By Ryan Callahan.
12:43 of 1st period - Shot Blocked by Jamie Oleksiak.
12:43 of 1st period - Puck is out of play.
12:44 of 1st period - Adam Cracknell wins face-off versus Dustin Brown in Panthers zone.
12:51 of 1st period - Snap shot by Ryan Callahan.
12:51 of 1st period - Shot Misses the Net.
12:53 of 1st period - Snap shot by Jamie Oleksiak.
12:53 of 1st period - Stopped by Mike Smith with a rebound.
12:55 of 1st period - Slapshot by Ryan Callahan.
12:55 of 1st period - Stopped by Mike Smith without a rebound.
12:56 of 1st period - Steven Stamkos wins face-off versus J.T. Miller in Senateurs zone.
13:58 of 1st period - Minor Penalty to Adam Cracknell for Hooking.
13:59 of 1st period - Steven Stamkos wins face-off versus Mats Zuccarello in Panthers zone.
14:12 of 1st period - Snap shot by Steven Stamkos.
14:12 of 1st period - Stopped by Carter Hutton without a rebound.
14:13 of 1st period - Mats Zuccarello wins face-off versus Steven Stamkos in Panthers zone.
14:49 of 1st period - Off-side.
14:50 of 1st period - Frans Nielsen wins face-off versus Scott Laughton in neutral zone.
15:28 of 1st period - Icing by Steven Stamkos.
15:29 of 1st period - Scott Laughton wins face-off versus Jakub Voracek in Senateurs zone.
15:33 of 1st period - Snap shot by Scott Laughton.
15:33 of 1st period - Deflect By Marcus Foligno.
15:33 of 1st period - Stopped by Mike Smith with a rebound.
15:35 of 1st period - Snap shot by Scott Laughton.
15:35 of 1st period - Shot Misses the Net.
15:37 of 1st period - Slapshot by Patrik Nemeth.
15:37 of 1st period - Shot Blocked by Jake McCabe.
15:39 of 1st period - Snap shot by Marcus Foligno.
15:39 of 1st period - Shot Blocked by Steven Stamkos.
15:41 of 1st period - Slapshot by Greg Pateryn.
15:41 of 1st period - Shot Misses the Net.
15:43 of 1st period - Snap shot by Marcus Foligno.
15:43 of 1st period - Shot Misses the Net.
15:45 of 1st period - Wrist shot by Patrik Nemeth.
15:45 of 1st period - Stopped by Mike Smith with a rebound.
15:58 of 1st period - Penalty to Adam Cracknell is over, Adam Cracknell is back on ice.
16:03 of 1st period - Wrist shot by Mats Zuccarello.
16:03 of 1st period - Shot Misses the Net.
16:27 of 1st period - Wrist shot by Mats Zuccarello.
16:27 of 1st period - Shot Blocked by Nikita Zaitsev.
16:29 of 1st period - Slapshot by Kyle Brodziak.
16:29 of 1st period - Deflect By Matt Moulson.
16:29 of 1st period - Stopped by Mike Smith with a rebound.
16:31 of 1st period - Snap shot by Matt Moulson.
16:31 of 1st period - Stopped by Mike Smith with a rebound.
16:33 of 1st period - Snap shot by Kyle Brodziak.
16:33 of 1st period - Deflect By Marcus Foligno.
16:33 of 1st period - Goal by Marcus Foligno - Panthers : 1 - Senateurs : 0.
16:34 of 1st period - J.T. Miller wins face-off versus Jared McCann in neutral zone.
16:41 of 1st period - Snap shot by J.T. Miller.
16:41 of 1st period - Shot Misses the Net.
16:45 of 1st period - Snap shot by Mats Zuccarello.
16:45 of 1st period - Shot Blocked by Jakub Voracek.
17:18 of 1st period - Snap shot by Adam Cracknell.
17:18 of 1st period - Shot Misses the Net.
18:00 of 1st period - Matt Moulson is hit by Jakub Voracek and loses puck.
18:17 of 1st period - Wrist shot by Frans Nielsen.
18:17 of 1st period - Stopped by Carter Hutton without a rebound.
18:18 of 1st period - Adam Cracknell wins face-off versus Frans Nielsen in Panthers zone.
18:30 of 1st period - Minor Penalty to Greg Pateryn for Tripping.
18:31 of 1st period - Steven Stamkos wins face-off versus Mats Zuccarello in Panthers zone.
19:04 of 1st period - Snap shot by Frans Nielsen.
19:04 of 1st period - Goal by Frans Nielsen - Panthers : 1 - Senateurs : 1.
19:05 of 1st period - Steven Stamkos wins face-off versus J.T. Miller in neutral zone.
19:20 of 1st period - Wrist shot by Mats Zuccarello.
19:20 of 1st period - Stopped by Mike Smith without a rebound.
19:21 of 1st period - Kyle Brodziak wins face-off versus Dustin Brown in Senateurs zone.
19:34 of 1st period - Snap shot by Matt Moulson.
19:34 of 1st period - Stopped by Mike Smith with a rebound.
19:46 of 1st period - Dougie Hamilton is hit by Mats Zuccarello and loses puck.
19:53 of 1st period - Snap shot by Mats Zuccarello.
19:53 of 1st period - Stopped by Mike Smith with a rebound.
19:55 of 1st period - Slapshot by Greg Pateryn.
19:55 of 1st period - Deflect By Mats Zuccarello.
19:55 of 1st period - Shot Blocked by Jakub Voracek.
19:55 of 1st period - Puck is out of play.
19:56 of 1st period - J.T. Miller wins face-off versus Frans Nielsen in Senateurs zone.
19:59 of 1st period - Snap shot by Mats Zuccarello.
19:59 of 1st period - Stopped by Mike Smith with a rebound.
Goals for this period are 1 for Panthers vs 1 for Senateurs.
Shots for this period are 16 for Panthers vs 5 for Senateurs.

2nd period


0:01 of 2nd period - Steven Stamkos wins face-off versus J.T. Miller in neutral zone.
0:35 of 2nd period - Snap shot by J.T. Miller.
0:35 of 2nd period - Stopped by Mike Smith with a rebound.
0:37 of 2nd period - Snap shot by Trevor Daley.
0:37 of 2nd period - Stopped by Mike Smith without a rebound.
0:38 of 2nd period - Kyle Brodziak wins face-off versus Steven Stamkos in Senateurs zone.
0:41 of 2nd period - Wrist shot by Marcus Foligno.
0:41 of 2nd period - Shot Misses the Net.
1:11 of 2nd period - Ryan Callahan is hit by Tanner Pearson and loses puck.
1:58 of 2nd period - Snap shot by Devin Shore.
1:58 of 2nd period - Deflect By Erik Haula.
1:58 of 2nd period - Shot Misses the Net.
1:58 of 2nd period - Puck is out of play.
1:59 of 2nd period - Erik Haula wins face-off versus Adam Cracknell in Panthers zone.
2:00 of 2nd period - Snap shot by Devin Shore.
2:00 of 2nd period - Shot Misses the Net.
2:12 of 2nd period - Snap shot by Adam Cracknell.
2:12 of 2nd period - Stopped by Mike Smith with a rebound.
2:14 of 2nd period - Slapshot by Jamie Oleksiak.
2:14 of 2nd period - Stopped by Mike Smith with a rebound.
2:26 of 2nd period - Dougie Hamilton is hit by Marcus Foligno and loses puck.
3:46 of 2nd period - Christian Folin is hit by Devante Smith-Pelly and loses puck.
4:06 of 2nd period - Off-side.
4:07 of 2nd period - Kyle Brodziak wins face-off versus Lucas Wallmark in neutral zone.
5:48 of 2nd period - Wrist shot by Adam Cracknell.
5:48 of 2nd period - Shot Misses the Net.
6:04 of 2nd period - Snap shot by Steven Stamkos.
6:04 of 2nd period - Shot Blocked by Matt Moulson.
6:06 of 2nd period - Snap shot by Steven Stamkos.
6:06 of 2nd period - Stopped by Carter Hutton without a rebound.
6:07 of 2nd period - Steven Stamkos wins face-off versus Adam Cracknell in Panthers zone.
6:10 of 2nd period - Snap shot by Steven Stamkos.
6:10 of 2nd period - Goal by Steven Stamkos - Panthers : 1 - Senateurs : 2.
6:11 of 2nd period - Steven Stamkos wins face-off versus J.T. Miller in neutral zone.
6:14 of 2nd period - Slapshot by Jakub Voracek.
6:14 of 2nd period - Stopped by Carter Hutton with a rebound.
6:33 of 2nd period - Greg Pateryn is hit by Jakub Voracek.
7:10 of 2nd period - Snap shot by Adam Cracknell.
7:10 of 2nd period - Shot Hit the Post.
7:12 of 2nd period - Slapshot by Patrik Nemeth.
7:12 of 2nd period - Shot Blocked by Devin Shore.
8:00 of 2nd period - Mats Zuccarello is hit by Frans Nielsen and loses puck.
8:20 of 2nd period - Matt Moulson is hit by Lucas Wallmark and loses puck.
8:25 of 2nd period - Snap shot by Loui Eriksson.
8:25 of 2nd period - Stopped by Carter Hutton with a rebound.
8:29 of 2nd period - Slapshot by Ryan Hartman.
8:29 of 2nd period - Stopped by Carter Hutton with a rebound.
8:31 of 2nd period - Slapshot by Lucas Wallmark.
8:31 of 2nd period - Shot Blocked by Jamie Oleksiak.
8:45 of 2nd period - Wrist shot by Devante Smith-Pelly.
8:45 of 2nd period - Stopped by Mike Smith with a rebound.
8:47 of 2nd period - Wrist shot by Devante Smith-Pelly.
8:47 of 2nd period - Goal by Devante Smith-Pelly - Panthers : 2 - Senateurs : 2.
8:48 of 2nd period - Steven Stamkos wins face-off versus J.T. Miller in neutral zone.
9:14 of 2nd period - Marcus Foligno is hit by Tanner Pearson and loses puck.
9:21 of 2nd period - Snap shot by Frans Nielsen.
9:21 of 2nd period - Stopped by Carter Hutton with a rebound.
9:23 of 2nd period - Wrist shot by Tanner Pearson.
9:23 of 2nd period - Stopped by Carter Hutton without a rebound.
9:24 of 2nd period - Devin Shore wins face-off versus J.T. Miller in Panthers zone.
9:25 of 2nd period - Snap shot by Erik Haula.
9:25 of 2nd period - Shot Misses the Net.
9:59 of 2nd period - Wrist shot by Marcus Foligno.
9:59 of 2nd period - Deflect By Jakub Voracek.
9:59 of 2nd period - Shot Misses the Net.
9:59 of 2nd period - Puck is out of play.
10:00 of 2nd period - J.T. Miller wins face-off versus Frans Nielsen in Senateurs zone.
10:25 of 2nd period - Steven Stamkos is hit by Kyle Brodziak and loses puck.
10:54 of 2nd period - Slapshot by Erik Haula.
10:54 of 2nd period - Stopped by Carter Hutton with a rebound.
11:10 of 2nd period - Wrist shot by Ryan Hartman.
11:10 of 2nd period - Stopped by Carter Hutton without a rebound.
11:11 of 2nd period - Mats Zuccarello wins face-off versus Steven Stamkos in Panthers zone.
11:18 of 2nd period - Snap shot by J.T. Miller.
11:18 of 2nd period - Stopped by Mike Smith with a rebound.
11:20 of 2nd period - Snap shot by Mats Zuccarello.
11:20 of 2nd period - Shot Misses the Net.
11:22 of 2nd period - Wrist shot by Mats Zuccarello.
11:22 of 2nd period - Stopped by Mike Smith with a rebound.
11:24 of 2nd period - Slapshot by J.T. Miller.
11:24 of 2nd period - Shot Blocked by Steven Stamkos.
11:41 of 2nd period - Wrist shot by Jakub Voracek.
11:41 of 2nd period - Stopped by Carter Hutton with a rebound.
11:53 of 2nd period - Alexander Petrovic is hit by Jakub Voracek and loses puck.
12:10 of 2nd period - Minor Penalty to Jake McCabe for Slashing.
12:11 of 2nd period - Steven Stamkos wins face-off versus J.T. Miller in Senateurs zone.
12:36 of 2nd period - Nikita Zaitsev is hit by Patrik Nemeth and loses puck.
12:47 of 2nd period - Minor Penalty to Marcus Foligno for Hooking.
12:48 of 2nd period - Steven Stamkos wins face-off versus Mats Zuccarello in Panthers zone.
12:49 of 2nd period - Wrist shot by Jakub Voracek.
12:49 of 2nd period - Shot Misses the Net.
12:51 of 2nd period - Slapshot by Dougie Hamilton.
12:51 of 2nd period - Stopped by Carter Hutton without a rebound.
12:52 of 2nd period - Steven Stamkos wins face-off versus Mats Zuccarello in Panthers zone.
13:31 of 2nd period - Ryan Callahan is hit by Steven Stamkos and loses puck.
13:46 of 2nd period - Snap shot by Ryan Callahan.
13:46 of 2nd period - Deflect By Scott Laughton.
13:46 of 2nd period - Shot Blocked by Dustin Brown.
13:46 of 2nd period - Puck is out of play.
13:47 of 2nd period - Steven Stamkos wins face-off versus Scott Laughton in Senateurs zone.
14:08 of 2nd period - Snap shot by Dustin Brown.
14:08 of 2nd period - Stopped by Carter Hutton with a rebound.
14:10 of 2nd period - Penalty to Jake McCabe is over, Jake McCabe is back on ice.
14:10 of 2nd period - Slapshot by Dougie Hamilton.
14:10 of 2nd period - Stopped by Carter Hutton with a rebound.
14:18 of 2nd period - Wrist shot by Frans Nielsen.
14:18 of 2nd period - Goal by Frans Nielsen - Panthers : 2 - Senateurs : 3.
14:19 of 2nd period - Kyle Brodziak wins face-off versus Frans Nielsen in neutral zone.
14:22 of 2nd period - Frans Nielsen is hit by Matt Moulson and loses puck.
14:53 of 2nd period - Backhand shot by Frans Nielsen.
14:53 of 2nd period - Stopped by Carter Hutton with a rebound.
14:55 of 2nd period - Snap shot by Dustin Brown.
14:55 of 2nd period - Stopped by Carter Hutton with a rebound.
14:57 of 2nd period - Wrist shot by Dustin Brown.
14:57 of 2nd period - Shot Hit the Post.
15:15 of 2nd period - Wrist shot by Frans Nielsen.
15:15 of 2nd period - Shot Misses the Net.
15:25 of 2nd period - Wrist shot by Dustin Brown.
15:25 of 2nd period - Shot Blocked by Adam McQuaid.
15:27 of 2nd period - Snap shot by Frans Nielsen.
15:27 of 2nd period - Shot Misses the Net.
15:29 of 2nd period - Slapshot by Dougie Hamilton.
15:29 of 2nd period - Stopped by Carter Hutton without a rebound.
15:30 of 2nd period - J.T. Miller wins face-off versus Steven Stamkos in Panthers zone.
16:04 of 2nd period - Wrist shot by Adam Cracknell.
16:04 of 2nd period - Shot Misses the Net.
16:06 of 2nd period - Snap shot by Adam Cracknell.
16:06 of 2nd period - Goal by Adam Cracknell - Panthers : 3 - Senateurs : 3.
16:07 of 2nd period - J.T. Miller wins face-off versus Steven Stamkos in neutral zone.
16:54 of 2nd period - Slapshot by Frans Nielsen.
16:54 of 2nd period - Shot Misses the Net.
16:56 of 2nd period - Wrist shot by Tanner Pearson.
16:56 of 2nd period - Stopped by Carter Hutton with a rebound.
16:58 of 2nd period - Slapshot by Dougie Hamilton.
16:58 of 2nd period - Shot Misses the Net.
17:18 of 2nd period - Snap shot by Lucas Wallmark.
17:18 of 2nd period - Stopped by Carter Hutton with a rebound.
17:20 of 2nd period - Slapshot by Nikita Zaitsev.
17:20 of 2nd period - Shot Misses the Net.
17:22 of 2nd period - Slapshot by Nikita Zaitsev.
17:22 of 2nd period - Stopped by Carter Hutton with a rebound.
17:34 of 2nd period - Wrist shot by Steven Stamkos.
17:34 of 2nd period - Shot Blocked by Patrik Nemeth.
17:36 of 2nd period - Snap shot by Steven Stamkos.
17:36 of 2nd period - Shot Misses the Net.
17:44 of 2nd period - Jakub Voracek is hit by Ryan Callahan and loses puck.
18:13 of 2nd period - Snap shot by Ryan Callahan.
18:13 of 2nd period - Stopped by Mike Smith without a rebound.
18:14 of 2nd period - Devin Shore wins face-off versus J.T. Miller in Senateurs zone.
18:25 of 2nd period - Snap shot by Erik Haula.
18:25 of 2nd period - Goal by Erik Haula - Panthers : 3 - Senateurs : 4.
18:26 of 2nd period - J.T. Miller wins face-off versus Steven Stamkos in neutral zone.
18:59 of 2nd period - Wrist shot by Devin Shore.
18:59 of 2nd period - Shot Misses the Net.
Goals for this period are 2 for Panthers vs 3 for Senateurs.
Shots for this period are 10 for Panthers vs 21 for Senateurs.

3rd period


0:01 of 3rd period - J.T. Miller wins face-off versus Steven Stamkos in neutral zone.
0:10 of 3rd period - Snap shot by Jakub Voracek.
0:10 of 3rd period - Shot Blocked by J.T. Miller.
0:12 of 3rd period - Backhand shot by Nikita Zaitsev.
0:12 of 3rd period - Stopped by Carter Hutton with a rebound.
0:14 of 3rd period - Slapshot by Dougie Hamilton.
0:14 of 3rd period - Deflect By J.T. Miller.
0:14 of 3rd period - Stopped by Carter Hutton with a rebound.
0:50 of 3rd period - Snap shot by J.T. Miller.
0:50 of 3rd period - Shot Blocked by Karl Alzner.
0:52 of 3rd period - Wrist shot by Scott Laughton.
0:52 of 3rd period - Shot Misses the Net.
0:54 of 3rd period - Slapshot by Scott Laughton.
0:54 of 3rd period - Shot Misses the Net.
1:08 of 3rd period - Snap shot by Dustin Brown.
1:08 of 3rd period - Stopped by Carter Hutton without a rebound.
1:09 of 3rd period - Devin Shore wins face-off versus Kyle Brodziak in Panthers zone.
2:30 of 3rd period - Libor Hajek is hit by Jared McCann and loses puck.
3:32 of 3rd period - Steven Stamkos is hit by Ryan Callahan and loses puck.
3:39 of 3rd period - Wrist shot by Erik Gustafsson.
3:39 of 3rd period - Stopped by Carter Hutton with a rebound.
3:41 of 3rd period - Slapshot by Erik Gustafsson.
3:41 of 3rd period - Deflect By Jakub Voracek.
3:41 of 3rd period - Shot Misses the Net.
3:41 of 3rd period - Puck is out of play.
3:42 of 3rd period - Kyle Brodziak wins face-off versus Devin Shore in Panthers zone.
4:05 of 3rd period - Snap shot by Jakub Voracek.
4:05 of 3rd period - Shot Misses the Net.
5:26 of 3rd period - Wrist shot by Steven Stamkos.
5:26 of 3rd period - Deflect By Jared McCann.
5:26 of 3rd period - Shot Misses the Net.
5:26 of 3rd period - Puck is out of play.
5:27 of 3rd period - Steven Stamkos wins face-off versus Kyle Brodziak in Panthers zone.
5:42 of 3rd period - Slapshot by Steven Stamkos.
5:42 of 3rd period - Shot Blocked by Trevor Daley.
5:52 of 3rd period - Tanner Pearson is hit by Scott Laughton and loses puck.
5:59 of 3rd period - Slapshot by Nikita Zaitsev.
5:59 of 3rd period - Shot Blocked by Mats Zuccarello.
6:01 of 3rd period - Slapshot by Christian Folin.
6:01 of 3rd period - Stopped by Carter Hutton without a rebound.
6:02 of 3rd period - Steven Stamkos wins face-off versus Adam Cracknell in Panthers zone.
6:31 of 3rd period - Wrist shot by Matt Moulson.
6:31 of 3rd period - Shot Misses the Net.
7:06 of 3rd period - Minor Penalty to Alexander Petrovic for Hooking.
7:07 of 3rd period - Frans Nielsen wins face-off versus Mats Zuccarello in Panthers zone.
7:09 of 3rd period - Backhand shot by Frans Nielsen.
7:09 of 3rd period - Shot Blocked by Greg Pateryn.
7:15 of 3rd period - Snap shot by Tanner Pearson.
7:15 of 3rd period - Shot Misses the Net.
7:17 of 3rd period - Snap shot by Frans Nielsen.
7:17 of 3rd period - Stopped by Carter Hutton with a rebound.
8:07 of 3rd period - Icing by Jared McCann.
8:08 of 3rd period - Frans Nielsen wins face-off versus Adam Cracknell in Senateurs zone.
8:17 of 3rd period - Slapshot by Greg Pateryn.
8:17 of 3rd period - Shot Blocked by Erik Gustafsson.
9:06 of 3rd period - Penalty to Alexander Petrovic is over, Alexander Petrovic is back on ice.
9:52 of 3rd period - Minor Penalty to Libor Hajek for Slashing.
9:53 of 3rd period - Steven Stamkos wins face-off versus Mats Zuccarello in Panthers zone.
9:59 of 3rd period - Slapshot by Steven Stamkos.
9:59 of 3rd period - Goal by Steven Stamkos - Panthers : 3 - Senateurs : 5.
10:00 of 3rd period - Frans Nielsen wins face-off versus J.T. Miller in neutral zone.
11:27 of 3rd period - Snap shot by Marcus Foligno.
11:27 of 3rd period - Stopped by Mike Smith with a rebound.
11:52 of 3rd period - Snap shot by Devin Shore.
11:52 of 3rd period - Shot Misses the Net.
12:07 of 3rd period - Icing by Erik Haula.
12:08 of 3rd period - Devin Shore wins face-off versus Scott Laughton in Senateurs zone.
12:29 of 3rd period - Backhand shot by Kyle Brodziak.
12:29 of 3rd period - Shot Blocked by Nikita Zaitsev.
12:34 of 3rd period - Off-side.
12:35 of 3rd period - Kyle Brodziak wins face-off versus Tanner Pearson in neutral zone.
14:14 of 3rd period - Dougie Hamilton is hit by J.T. Miller.
15:07 of 3rd period - Icing by Patrik Nemeth.
15:08 of 3rd period - J.T. Miller wins face-off versus Devin Shore in Panthers zone.
15:16 of 3rd period - Minor Penalty to Jake Virtanen for High sticking.
15:17 of 3rd period - Kyle Brodziak wins face-off versus Steven Stamkos in Senateurs zone.
15:22 of 3rd period - Wrist shot by Kyle Brodziak.
15:22 of 3rd period - Goal by Kyle Brodziak - Panthers : 4 - Senateurs : 5.
15:23 of 3rd period - Kyle Brodziak wins face-off versus Devin Shore in neutral zone.
15:32 of 3rd period - Snap shot by Erik Haula.
15:32 of 3rd period - Stopped by Carter Hutton with a rebound.
15:34 of 3rd period - Snap shot by Jake Virtanen.
15:34 of 3rd period - Stopped by Carter Hutton with a rebound.
15:36 of 3rd period - Slapshot by Jake McCabe.
15:36 of 3rd period - Stopped by Carter Hutton with a rebound.
15:54 of 3rd period - Off-side.
15:55 of 3rd period - Lucas Wallmark wins face-off versus Mats Zuccarello in neutral zone.
16:59 of 3rd period - Slapshot by Erik Gustafsson.
16:59 of 3rd period - Deflect By Jake Virtanen.
16:59 of 3rd period - Stopped by Carter Hutton with a rebound.
17:01 of 3rd period - Snap shot by Jake Virtanen.
17:01 of 3rd period - Goal by Jake Virtanen - Panthers : 4 - Senateurs : 6.
17:02 of 3rd period - Lucas Wallmark wins face-off versus Mats Zuccarello in neutral zone.
17:13 of 3rd period - Slapshot by Lucas Wallmark.
17:13 of 3rd period - Stopped by Carter Hutton with a rebound.
17:15 of 3rd period - Slapshot by Nikita Zaitsev.
17:15 of 3rd period - Deflect By Mats Zuccarello.
17:15 of 3rd period - Stopped by Carter Hutton with a rebound.
17:17 of 3rd period - Slapshot by Loui Eriksson.
17:17 of 3rd period - Shot Misses the Net.
17:27 of 3rd period - Steven Stamkos is hit by Trevor Daley and loses puck.
17:45 of 3rd period - Icing by Nikita Zaitsev.
17:46 of 3rd period - Adam Cracknell wins face-off versus Devin Shore in Senateurs zone.
17:53 of 3rd period - Backhand shot by Erik Haula.
17:53 of 3rd period - Shot Blocked by Greg Pateryn.
17:55 of 3rd period - Slapshot by Nikita Zaitsev.
17:55 of 3rd period - Shot Misses the Net.
17:57 of 3rd period - Slapshot by Dougie Hamilton.
17:57 of 3rd period - Shot Misses the Net.
17:59 of 3rd period - Slapshot by Nikita Zaitsev.
17:59 of 3rd period - Shot Blocked by Patrik Nemeth.
18:01 of 3rd period - Snap shot by Jake Virtanen.
18:01 of 3rd period - Shot Misses the Net.
18:21 of 3rd period - Wrist shot by Loui Eriksson.
18:21 of 3rd period - Shot Misses the Net.
18:40 of 3rd period - Snap shot by Jakub Voracek.
18:40 of 3rd period - Shot Blocked by Adam McQuaid.
19:02 of 3rd period - Snap shot by Frans Nielsen.
19:02 of 3rd period - Stopped by Carter Hutton without a rebound.
19:03 of 3rd period - Devin Shore wins face-off versus J.T. Miller in Panthers zone.
19:10 of 3rd period - Slapshot by Erik Haula.
19:10 of 3rd period - Shot Misses the Net.
19:12 of 3rd period - Slapshot by Dougie Hamilton.
19:12 of 3rd period - Stopped by Carter Hutton without a rebound.
19:13 of 3rd period - J.T. Miller wins face-off versus Devin Shore in Panthers zone.
19:18 of 3rd period - Wrist shot by J.T. Miller.
19:18 of 3rd period - Stopped by Mike Smith with a rebound.
19:54 of 3rd period - Wrist shot by Steven Stamkos.
19:54 of 3rd period - Shot Misses the Net.
Goals for this period are 1 for Panthers vs 2 for Senateurs.
Shots for this period are 3 for Panthers vs 16 for Senateurs. Output by the SimonT Hockey Simulator (STHS) for Alexandre Lamarre - Original Page W3C HTML5 Valid
Hockey Simulator - Hockey Simulation - Hockey Manager